Map: 10000 Feet LE

Players

Kan - Winner!

  • Race: Zerg Zerg
  • League: Diamond
  • Spawn Location: 11:00

A.I. 1 (Medium)

  • Race: Terran Terran
  • Spawn Location: 5:00

VOD

Have the link to the VOD?

Description

Time

  • Played on: June 16, 2026, 12:34 p.m.
  • Length: 10:45
Show
View Real Time Build Order
Export as new Build Order

Kan Zerg - Winner!

Build Orders: Hatch First 

Get SALT Encoding   

  12  0:00  Drone  
  13  0:08  Drone  
  14  0:14  Extractor  
  14  0:15  Drone  
  15  0:21  Overlord  
  15  0:42  Drone  
  16  0:46  Hatchery  
  15  0:51  Drone  
  16  1:00  Drone x2  
  18  1:11  Extractor  
  18  1:15  Spawning Pool  
  16  1:22  Drone x2  
  18  1:26  Drone  
  19  1:38  Drone  
  20  1:48  Drone  
  21  2:01  Queen  
  21  2:02  Queen  
  21  2:05  Zergling x4  
  27  2:17  Overlord  
  27  2:18  Drone  
  28  2:26  Metabolic Boost  
  28  2:36  Drone  
  28  2:37  Drone x3  
  32  2:47  Hatchery  
  32  2:49  Overlord  
  32  2:50  Overlord  
  31  2:57  Queen  
  33  2:59  Drone  
  33  3:02  Drone  
  33  3:04  Drone  
  36  3:13  Drone x3  
  39  3:24  Drone x2  
  39  3:25  Drone  
  39  3:27  Queen  
  42  3:32  Queen  
  46  3:40  Overlord  
  46  3:59  Drone  
  46  4:00  Drone x5  
  46  4:01  Drone x5  
  46  4:02  Queen  
  59  4:18  Overlord  
  59  4:19  Spore Crawler  
  59  4:20  Overlord  
  59  4:21  Spore Crawler  
  59  4:22  Drone x7  
  64  4:29  Lair  
  64  4:34  Drone  
  64  4:35  Drone  
  66  4:40  Zergling x6  
  69  5:08  Queen  
  69  5:14  Drone x9  
  72  5:15  Drone x2  
  72  5:18  Overlord  
  72  5:19  Overlord  
  72  5:20  Evolution Chamber, Baneling Nest  
  72  5:21  Evolution Chamber  
  79  5:26  Drone x3  
  82  5:31  Hatchery, Extractor  
  82  5:33  Infestation Pit  
  79  5:40  Extractor, Overlord x2  
  79  5:41  Overlord, Extractor  
  77  5:47  Extractor x2, Spore Crawler  
  74  6:00  Drone x3  
  74  6:01  Drone x3  
  80  6:10  Zerg Ground Armor Level 1, Zerg Melee Weapons Level 1  
  80  6:15  Drone x2  
  82  6:22  Centrifugal Hooks  
  82  6:24  Drone  
  82  6:25  Drone x12  
  95  6:32  Hive  
  95  6:33  Hatchery  
  95  6:34  Hatchery  
  93  6:44  Zergling x2  
  93  6:45  Zergling x12  
  100  7:00  Drone x2  
  100  7:01  Drone x2  
  103  7:05  Overlord x5  
  104  7:11  Drone x4  
  104  7:13  Overlord x2  
  108  7:16  Zergling x8  
  108  7:18  Hatchery  
  111  7:31  Extractor, Zergling x2  
  111  7:32  Zergling x12  
  117  7:48  Drone x3  
  117  7:49  Ultralisk Cavern  
  119  7:53  Zergling x6  
  119  7:54  Zergling x16  
  119  7:56  Baneling x4  
  119  7:57  Baneling x5  
  119  7:58  Overlord x3  
  130  8:08  Zergling x8  
  130  8:09  Zergling x14  
  130  8:12  Zerg Ground Armor Level 2, Zerg Melee Weapons Level 2  
  141  8:25  Zergling x2  
  141  8:26  Zergling x18  
  151  8:34  Baneling  
  151  8:35  Baneling x5  
  151  8:37  Zergling x2  
  151  8:38  Zergling x30  
  167  8:45  Adrenal Glands  
  167  8:46  Chitinous Plating  
  167  8:49  Ultralisk x3  
  167  8:51  Zergling x2  
  167  8:52  Zergling x16  
  194  9:02  Ultralisk  
  200  9:15  Hatchery  
  199  9:46  Baneling x6  
  199  9:47  Baneling x5  
  199  9:48  Baneling  
  188  10:12  Zergling x10  
  188  10:13  Zergling x4  
  198  10:29  Drone  
Show
View Real Time Build Order
Export as new Build Order

A.I. 1 (Medium) Terran 

Build Orders: 2 Factory 

Get SALT Encoding   

  12  0:00  SCV  
  13  0:13  SCV  
  14  0:18  Supply Depot  
  14  0:25  SCV  
  15  0:39  SCV  
  16  0:43  Barracks  
  16  0:51  SCV  
  17  1:03  SCV  
  18  1:22  SCV  
  18  1:25  Supply Depot  
  19  1:26  Refinery  
  19  1:30  Command Center  
  19  1:34  Marine  
  20  1:45  Orbital Command  
  20  1:52  Marine  
  21  2:06  Barracks  
  21  2:10  SCV  
  21  2:11  Barracks Tech Lab  
  21  2:14  Refinery  
  22  2:32  SCV  
  23  2:39  Supply Depot  
  23  2:41  Marine  
  24  2:44  Factory  
  24  2:52  SCV  
  24  2:57  SCV  
  26  2:59  Marine  
  26  3:05  SCV  
  28  3:09  Barracks Tech Lab  
  28  3:21  Factory  
  28  3:28  Hellion  
  30  3:40  Refinery  
  30  3:46  Marauder  
  33  3:48  SCV  
  33  3:50  Factory Tech Lab  
  33  3:51  SCV  
  34  4:00  SCV  
  35  4:03  SCV  
  35  4:04  Reaper  
  35  4:05  Factory Tech Lab  
  37  4:12  SCV  
  37  4:15  SCV  
  39  4:22  Siege Tank  
  42  4:24  SCV  
  42  4:27  SCV  
  42  4:28  Supply Depot  
  44  4:36  SCV  
  45  4:39  Marine, SCV  
  47  4:50  Refinery, SCV  
  48  4:56  SCV  
  48  4:57  Marine, Supply Depot  
  50  5:02  SCV  
  51  5:08  SCV  
  52  5:14  SCV  
  52  5:15  Marine  
  52  5:21  SCV  
  55  5:23  Supply Depot  
  55  5:26  SCV  
  56  5:33  Marine  
  57  5:40  Engineering Bay  
  57  5:45  SCV  
  57  5:48  SCV, Starport  
  59  5:51  Supply Depot  
  59  5:52  Marauder  
  60  5:57  SCV  
  60  6:00  SCV  
  62  6:06  Missile Turret  
  62  6:08  Missile Turret  
  62  6:09  SCV, Reaper  
  62  6:10  Missile Turret  
  64  6:12  SCV  
  64  6:14  Supply Depot  
  65  6:21  Missile Turret, SCV  
  65  6:24  SCV  
  67  6:25  Sensor Tower, Starport Tech Lab  
  67  6:27  Siege Tank  
  67  6:32  Bunker  
  70  6:33  SCV  
  70  6:36  SCV  
  70  6:38  Armory  
  72  6:43  Bunker  
  72  6:45  Marauder, SCV  
  72  6:46  Raven  
  77  6:48  SCV  
  77  6:49  Supply Depot  
  78  6:54  Barracks  
  78  7:03  Cyclone  
  81  7:20  Raven  
  83  7:42  Barracks Reactor  
  83  7:54  Viking  
  84  9:47  Command Center  
  70  10:07  Hellion  
  23  10:30  Supply Depot  
Tags
 
Add a new tag
Caveats
  • Supply blocks, unpowered buildings, or Contaminate may cause inaccurate times.
  • Supply counts are checked every 10 seconds.